 Dungeon Crawl Stone Soup version 0.27.1-1-g398f81649c (webtiles) character file.

Game seed: 4923454888638494519

98 Descartes the Sneak (level 4, 0/21 HPs)
             Began as a Felid Monk on Sept 15, 2021.
             Slain by a gnoll (2 damage)
             ... on level 4 of the Dungeon.
             The game lasted 00:05:44 (4114 turns).

Descartes the Sneak (Felid Monk)                    Turns: 4114, Time: 00:05:45

Health: 0/21       AC:  1    Str:  8    XL:     4   Next: 43%
Magic:  5/5        EV: 20    Int: 12    God:
Gold:   25         SH:  5    Dex: 18    Spells: 1/3 levels left
                                        Lives:  0   Deaths: 1

rFire    . . .     SeeInvis +     - Unarmed
rCold    + . .     Faith    .   (shield unavailable)
rNeg     . . .     Spirit   .   (armour unavailable)
rPois    .         Reflect  +   (helmet unavailable)
rElec    .         Harm     .   (cloak unavailable)
rCorr    +         Rampage  .   (gloves unavailable)
Will     .....                  (boots unavailable)
Stlth    +++.......             c - amulet of reflection
HPRegen  0.07/turn              k - ring of resist corrosion
MPRegen  0.09/turn              p - ring of protection from cold

@: quick
A: very small, claws 1, fangs 3, see invisible, speed 1, shaggy fur 1, stealthy
paws, no weapons or thrown items, no armour, multi-lived
a: no special abilities


You were on level 4 of the Dungeon.
You visited 1 branch of the dungeon, and saw 4 of its levels.

You collected 97 gold pieces.
You spent 72 gold pieces at shops.

Inventory:

Missiles
 e - 123 stones
Jewellery
 c - an amulet of reflection (around neck)
 k - a ring of resist corrosion (left paw)
 p - a ring of protection from cold (right paw)
Wands
 o - a wand of digging (6)
Scrolls
 f - 2 scrolls of noise {unknown}
 g - a scroll of amnesia {unknown}
 i - a scroll of teleportation {unknown}
 j - 2 scrolls of blinking {unknown}
 l - 2 scrolls of identify {unknown}
 r - a scroll of magic mapping {unknown}
Potions
 a - 4 potions of curing {unknown}
 b - 2 potions of magic {unknown}
 d - 2 potions of mutation {unknown}
 h - a potion of heal wounds {unknown}
 m - a potion of lignification {unknown}
 n - a potion of attraction {unknown}
 q - a potion of might {unknown}


   Skills:
 - Level 3.0 Fighting
 + Level 5.2 Dodging
 * Level 5.7 Stealth
 + Level 3.8 Unarmed Combat
 + Level 1.1 Transmutations


You had one spell level left.
You knew the following spells:

 Your Spells              Type           Power      Damage    Failure   Level
a - Wereblood             Tmut           2%         N/A       32%         2

Your spell library contained the following spells:

 Spells                   Type           Power      Damage    Failure   Level
 Foxfire                  Conj/Fire      0%         2x1d4     32%         1
 Sublimation of Blood     Necr           0%         N/A       45%         2
 Conjure Flame            Conj/Fire      0%         6-21      69%         3
 Inner Flame              Hex/Fire       0%         N/A       69%         3
 Summon Hydra             Summ           0%         N/A       100%        7


Dungeon Overview and Level Annotations

Branches:
Dungeon (4/15)
 Temple: D:4-7

Altars:

Shops:
D:1 [*

Annotations:
D:4 Dowan, Duvessa


Innate Abilities, Weirdness & Mutations

You have sharp claws.
You have razor-sharp teeth.
You have supernaturally acute eyesight. (SInv)
You cover ground quickly. (Speed+)
You are covered in fur. (AC +1)
Your paws help you pounce on unaware monsters.
You are incapable of wielding weapons or throwing items.
You cannot wear armour.
You gain extra lives every three experience levels.


Message History

You kill the orc priest!
* * * LOW HITPOINT WARNING * * *
You feel very sick.
Duvessa says, "My weaknesses are his strengths!"
The orc hits you with a +0 flail.
You die...
You block the orc's attack.
Dowan, Brother of Duvessa comes into view.
He is wielding a +0 dagger and wearing a +1 robe of willpower.
You are now level 4!
You rejoin the land of the living...
Your Transmutations skill increases to level 1!
Found a scroll labelled VUHOUF WINAF.
Found 26 stones.
A gnoll comes into view. It is wielding a +0 spear.
You see here a scroll labelled VUHOUF WINAF. 2 gnolls come into view.
The gnoll shouts! x3
The gnoll misses you. The gnoll completely misses you.
You scratch the gnoll. You bite the gnoll, but do no damage.
The gnoll is moderately wounded.
The gnoll closely misses you.
You closely miss the gnoll. Your bite misses the gnoll.
The gnoll is moderately wounded.
The gnoll misses you.
The gnoll hits you from afar with a +0 spear!
You scratch the gnoll. Your bite misses the gnoll.
The gnoll is heavily wounded.
The gnoll hits you with a +0 spear. The gnoll completely misses you.
The gnoll hits you with a +0 flail!
* * * LOW HITPOINT WARNING * * *
You are too injured to fight recklessly!
You are too injured to fight recklessly!
You are too injured to fight recklessly!
You are too injured to fight recklessly!
You are too injured to fight recklessly!
The gnoll barely misses you.
Found 7 gold pieces.
The gnoll hits you with a +0 flail.
You die...

$....# #....# #....#
##### #...o# ###....
#....#
.......####....#
...............#
.............g.#
...........gg.@#
.......(.......#
##........##+#####
#.....?.........#
#...............#
#...............#
#...............######
#############........#
#........#


You could see 3 gnolls and an orc.

Vanquished Creatures
  A jelly (D:4)
  An orc priest (D:4)
  Robin (D:3)
  2 adders (D:2)
  2 worms
  2 dart slugs
  7 endoplasms
  2 giant cockroaches (D:2)
  7 hobgoblins
  7 jackals
  5 kobolds
  5 quokkas
  6 ball pythons
  A bat (D:2)
  2 frilled lizards
  13 goblins
  3 rats
67 creatures vanquished.

Notes
Turn   | Place    | Note
-------+----------+-------------------------------------------
     0 | D:1      | Descartes the Felid Monk began the quest for the Orb.
     0 | D:1      | Reached XP level 1. HP: 10/10 MP: 2/2
   170 | D:1      | Found Wackou Niops's Assorted Antiques.
   203 | D:1      | Reached XP level 2. HP: 14/14 MP: 3/3
   455 | D:1      | Found Unarog's Antique Armour Shoppe.
  1187 | D:2      | Found a faded altar of an unknown god.
  1331 | D:2      | Reached XP level 3. HP: 17/17 MP: 4/4
  1852 | D:1      | Bought a fizzy green potion for 17 gold pieces
  1852 | D:1      | Bought a scroll labelled FEACEUNOFEC for 19 gold pieces
  1852 | D:1      | Bought a murky brown potion for 17 gold pieces
  2326 | D:3      | Noticed Robin
  2329 | D:3      | Reached XP level 4. HP: 20/21 MP: 5/5
  2513 | D:2      | Reached skill level 5 in Stealth
  3190 | D:3      | Killed Robin
  3309 | D:3      | Learned a level 2 spell: Wereblood
  3641 | D:1      | Bought a scroll labelled YKHUES MELEN for 19 gold pieces
  3937 | D:4      | Reached skill level 5 in Dodging
  3937 | D:4      | Reached XP level 5. HP: 21/24 MP: 6/6
  4084 | D:4      | Noticed Duvessa
  4087 | D:4      | Slain by an orc
  4087 | D:4      | Noticed Dowan
  4088 | D:4      | Reached XP level 4. HP: 0/21 MP: 5/5
  4088 | D:4      | Reached skill level 1 in Transmutations
  4106 | D:4      | HP: 1/21 [gnoll (9)]
  4114 | D:4      | Slain by a gnoll

Illustrated notes

Levels and vault maps discovered:
D:1:      dpeg_arrival_lava_altar, layout_loops_ring, serial_shops,
          nicolae_shop_overgrown_old_shop, nicolae_square_shop, moated_statue
D:2:      layout_basic, hellmonk_ecumenical_altar_dog_temple
D:3:      layout_rooms, uniq_robin
D:4:      layout_gridville, st_stairs_8, uniq_duvessa

Skill      XL: |  1  2  3  4 |
---------------+-------------+-----
Stealth        | 3 4 5 |  5.7
Dodging        | 5 |  5.2
Transmutations | 1 |  1.1
Fighting       | |  3.0
Unarmed Combat | |  3.8

Action                   |  1- 3 |  4- 6 || total
-------------------------+-------+-------++-------
Melee: Unarmed           |   108 |   104 ||   212
       Bite              |     8 |    13 ||    21
       Punch             |     1 |     1 ||     2
 Stab: Sleeping          |     7 |     2 ||     9
Armor: Skin              |     1 |     2 ||     3
Dodge: Dodged            |    59 |    79 ||   138
Block: Other             |    20 |    23 ||    43
       Reflection        |     1 |     1 ||     2
